AoeStats
← chamblitas

Golden Pit

508411284Analyzed
1v1 RM · 10d ago on Sep 22, 2026· 42m 20s· 2 players
Game mode
Random Map
Map size
Tiny (2 player)
Population
200
Speed
Normal
Resources
Standard
Victory
Conquest
Starting age
Dark Age
Ending age
Imperial Age
RankedLock teamsTeams togetherTeam positionsShared explorationLock speedFull tech treeHidden civsTurbo modeCheats
Victory
Defeat
🇮🇱 Japanese · Israel
868
+17
🇨🇱 Huns · Chile
899
-17
mcher
11:47 Feudal Age
12:40 Man-at-Arms
14:22 Scale Mail Armor
15:21 Loom
17:53 Wheelbarrow
22:23 Castle Age
23:24 Double-Bit Axe
23:22 Horse Collar
25:18 Fletching
26:15 Hand Cart
28:08 Gold Mining
28:12 Stone Mining
28:29 Bodkin Arrow
28:35 Padded Archer Armor
31:16 Elite Skirmisher
32:34 Ballistics
33:29 Leather Archer Armor
38:26 Imperial Age
36:15 Chain Mail Armor
36:10 Thumb Ring
37:00 Gold Shaft Mining
39:36 Kataparuto
38:58 Heavy Cavalry Archer
41:56 Bracer
chamblitas
5:21 Loom
7:10 Loom
9:58 Feudal Age
14:13 Horse Collar
14:20 Double-Bit Axe
20:52 Fletching
23:39 Castle Age
24:50 Bow Saw
26:02 Padded Archer Armor
26:15 Bodkin Arrow
31:29 Ballistics
33:21 Leather Archer Armor
33:39 Heavy Plow
41:47 Imperial Age
42:49 Bloodlines
Connection lost

Rejoining the realm…

Still unreachable

The connection could not be restored.

Session expired

The server has moved on; the page needs a fresh start.